 Dungeon Sprint DCSS version 0.20.1-1-g8b1a95d (webtiles) character file.

4846 JustSomeDude the Ninja (level 10, -2/118 HPs)
             Began as a Vampire Assassin on Aug 26, 2017.
             Was a Priest of Dithmenos.
             Shot with an arrow by a centaur warrior (14 damage)
             ... in the Dungeon (Sprint I: "Red Sonja").
             The game lasted 00:08:16 (474 turns).

JustSomeDude the Ninja (Vampire Assassin)            Turns: 474, Time: 00:08:16

Health: -2/118     AC:  5    Str: 13    XL:     10   Next: 25%
Magic:  8/9        EV: 13    Int: 11    God:    Dithmenos [***...]
Gold:   702        SH:  0    Dex: 20    Spells: 9/9 levels left

rFire    . . .     SeeInvis +   r - +0 short sword (distort)
rCold    . . .     Gourm    .   (no shield)
rNeg     + . .     Faith    .   s - +0 troll leather armour
rPois    .         Spirit   .   (no helmet)
rElec    .         Reflect  .   d - +0 cloak
rCorr    .         Harm     .   (no gloves)
MR       +....     Rnd*Rage +   (no boots) Stlth ..........NoTele +
                                (no amulet)
Regen    0.7/turn               (no ring)
MPRegen  0.2/turn               (no ring)

@: berserking, hasted, wreathed by umbra, very quick
A: fangs 3, see invisible, berserk 1, dopey 1, low mp 1, weak 1, unbreathing,
MP-powered wands
a: Bat Form, Shadow Step, Renounce Religion


You were in the Dungeon.
You worshipped Dithmenos.
Dithmenos was most pleased with you.
You were not thirsty.

You visited 1 branch You collected 702 gold pieces.

Inventory:

Hand Weapons
 a - a +2 dagger
 b - a +0 blowgun
 q - a +0 blowgun
 r - a +0 short sword of distortion (weapon)
Missiles
 e - 8 poisoned needles
 f - 10 curare-tipped needles
Armour
 c - a +0 robe
 d - a +0 cloak (worn)
 s - a +0 troll leather armour (worn)
 t - a cursed +0 ring mail
Wands
 n - a wand of flame (25/48)
Scrolls
 m - a scroll of blinking
 o - a scroll of identify {unknown}
 p - a scroll of magic mapping {unknown}
Potions
 g - 6 potions of blood
 h - 3 potions of curing
 k - 2 potions of magic


   Skills:
 + Level 7.1 Fighting
 + Level 9.1 Short Blades
 + Level 6.0 Throwing
 + Level 1.9 Armour
 + Level 3.1 Dodging
 O Level 27 Stealth


You had 9 spell levels left.
You didn't know any spells.

Dungeon Overview and Level Annotations

Branches:
Dungeon (1/1)

Altars:
Cheibriados
Dithmenos
Elyvilon
Fedhas
Gozag
Hepliaklqana
Kikubaaqudgha
Makhleb
Nemelex Xobeh
Okawaru
Qazlal
Ru
Sif Muna
Trog
Uskayaw
Vehumet
Xom
Yredelemnul
Zin
The Shining One
Jiyva
Lugonu

Shops:
D ([[


Innate Abilities, Weirdness & Mutations

You have razor-sharp teeth.
You have supernaturally acute eyesight. (SInv)
You can survive without breathing.
You tend to lose your temper in combat.
You are dopey. (Int -2)
Your magical capacity is low. (-10% MP)
You are weak. (Str -2)
You expend magic power (3 MP) to strengthen your wands.


Message History

You barely miss the centaur warrior.
The centaur warrior is moderately wounded.
The centaur warrior hits you!
The centaur warrior shoots an arrow.
The arrow hits you!
You feel much better. The centaur warrior hits you!
The centaur warrior shoots an arrow.
The arrow hits you!
You feel yourself speed up. The centaur warrior closely misses you.
The centaur warrior shoots an arrow.
The arrow hits you! The centaur warrior hits you!
* * * LOW HITPOINT WARNING * * *
A red film seems to cover your vision as you go berserk!
You feel yourself moving faster!
You feel mighty!
The centaur warrior shoots an arrow.
The arrow hits you!
* * * LOW HITPOINT WARNING * * *
The centaur warrior barely misses you.
You hit the centaur warrior.
Space warps horribly around the centaur warrior!
The centaur warrior is severely wounded.
The centaur warrior shoots an arrow.
The arrow hits you!
You die...

################
#.)'..#.)'..#__#
'..#.)'..#..'..+
#####'#####'#__####
####..#...#)####§[#
#__####..##.#§§§§c#
#_____##'#..+§§≈§§+
#_.∩...'..._#≈≈≈@c#
#_..__##_.#'##'####
#_____###'#.#(.(%###
#########.####'###.##
.......'...'.....'[∩#
''''####...##########
.....####.###
......#.#'#.#
#.....#.....#


You could see 2 centaur warriors.

Vanquished Creatures
  Sonja (D)
  A deep troll (D)
  7 shining eyes (D)
  A slime creature (D)
  Sigmund (D)
  A yak (D)
  4 floating eyes (D)
  An ogre (D)
  A jelly (D)
  Ijyb (D)
  3 ballistomycetes (D)
22 creatures vanquished.

Vanquished Creatures (others)
  2 ballistomycete spores (D)
2 creatures vanquished.

Grand Total: 24 creatures vanquished

Notes
Turn   | Place    | Note
-------+----------+-------------------------------------------
     0 | D        | JustSomeDude the Vampire Assassin began the quest for the Orb.
     0 | D        | Reached XP level 1. HP: 16/16 MP: 1/1
     1 | D        | Noticed Ijyb
     4 | D        | Killed Ijyb
     4 | D        | Reached skill level 9 in Stealth
     4 | D        | Reached XP level 2. HP: 23/23 MP: 2/2
     6 | D        | Noticed an ogre
     9 | D        | Killed an ogre
     9 | D        | Reached skill level 12 in Stealth
     9 | D        | Reached XP level 3. HP: 29/29 MP: 3/3
     9 | D        | Reached XP level 4. HP: 35/35 MP: 4/4
    18 | D        | Noticed Sigmund
    21 | D        | Killed Sigmund
    21 | D        | Reached skill level 16 in Stealth
    21 | D        | Reached XP level 5. HP: 42/42 MP: 5/5
    21 | D        | Reached XP level 6. HP: 48/48 MP: 6/6
    34 | D        | Found a burning altar of Makhleb.
    34 | D        | Found a viscous altar of Jiyva.
    34 | D        | Found a shimmering altar of Xom.
    34 | D        | Found a corrupted altar of Lugonu.
    34 | D        | Noticed a slime creature
    37 | D        | Killed a slime creature
    37 | D        | Reached skill level 5 in Short Blades
    37 | D        | Reached skill level 18 in Stealth
    41 | D        | Found a deep blue altar of Sif Muna.
    43 | D        | Found a radiant altar of Vehumet.
    50 | D        | Found Vaugisid's Antique Armour Emporium.
    50 | D        | Found an ancient bone altar of Kikubaaqudgha.
    50 | D        | Found a hazy altar of Hepliaklqana.
    50 | D        | Found a stormy altar of Qazlal.
    50 | D        | Found a hide-covered altar of Uskayaw.
    50 | D        | Found a blossoming altar of Fedhas.
    50 | D        | Found a bloodstained altar of Trog.
    50 | D        | Found an iron altar of Okawaru.
    50 | D        | Found a basalt altar of Yredelemnul.
    50 | D        | Found a glowing golden altar of the Shining One.
    50 | D        | Found a snail-covered altar of Cheibriados.
    50 | D        | Found a sacrificial altar of Ru.
    50 | D        | Found a glowing silver altar of Zin.
    50 | D        | Found a shadowy altar of Dithmenos.
    50 | D        | Found a white marble altar of Elyvilon.
    50 | D        | Noticed a yak
    51 | D        | Found an opulent altar of Gozag.
    52 | D        | Killed a yak
    52 | D        | Reached skill level 19 in Stealth
    52 | D        | Reached XP level 7. HP: 55/55 MP: 7/7
    53 | D        | Found a sparkling altar of Nemelex Xobeh.
   102 | D        | Noticed Sonja
   106 | D        | Killed Sonja
   106 | D        | Reached skill level 5 in Fighting
   106 | D        | Reached skill level 21 in Stealth
   106 | D        | Reached XP level 8. HP: 62/62 MP: 8/8
   127 | D        | Found Yzuwaff's Weapon Boutique.
   147 | D        | Noticed a deep troll
   151 | D        | Killed a deep troll
   151 | D        | Reached skill level 5 in Throwing
   151 | D        | Reached skill level 23 in Stealth
   185 | D        | Noticed a centaur warrior
   190 | D        | Found Tukezipn's Armour Emporium.
   318 | D        | Became a worshipper of Dithmenos the Shadowed
   335 | D        | Noticed a shining eye
   335 | D        | Noticed a shining eye
   335 | D        | Noticed a shining eye
   335 | D        | Noticed a shining eye
   335 | D        | Noticed a shining eye
   335 | D        | Noticed a shining eye
   337 | D        | Noticed a shining eye
   337 | D        | Noticed a shining eye
   338 | D        | Killed a shining eye
   338 | D        | Reached XP level 9. HP: 69/69 MP: 9/9
   340 | D        | Gained mutation: Your magical capacity is low. (-10% MP) [a shining eye]
   354 | D        | Killed a shining eye
   354 | D        | Reached skill level 1 in Armour
   354 | D        | Reached skill level 24 in Stealth
   362 | D        | Paralysed by a floating eye for 4 turns
   366 | D        | Reached * piety under Dithmenos
   368 | D        | Reached skill level 25 in Stealth
   371 | D        | Killed a shining eye
   373 | D        | Gained mutation: You tend to lose your temper in combat. [a shining eye]
   374 | D        | Killed a shining eye
   374 | D        | Reached ** piety under Dithmenos
   374 | D        | Reached skill level 26 in Stealth
   379 | D        | Gained mutation: You are weak. (Str -2) [a shining eye]
   380 | D        | Gained mutation: You expend magic power (3 MP) to strengthen your wands. [a shining eye]
   391 | D        | Killed a shining eye
   391 | D        | Reached XP level 10. HP: 76/76 MP: 9/9
   394 | D        | Paralysed by a floating eye for 3 turns
   396 | D        | Gained mutation: You are dopey. (Int -2) [a shining eye]
   399 | D        | Killed a shining eye
   399 | D        | Reached skill level 27 in Stealth
   404 | D        | Killed a shining eye
   404 | D        | Reached *** piety under Dithmenos
   404 | D        | Paralysed by a floating eye for 2 turns
   465 | D        | Noticed a centaur warrior
   474 | D        | Shot with an arrow by a centaur warrior

Skill      XL: |  1  2  3  4  5  6  7  8  9 10 |
---------------+-------------------------------+-----
Fighting       | 2 3 4 5 6 7 |  7.1
Short Blades   | 3 4 5 6 7 9 |  9.1
Throwing       | 2 3 4 5 6 |  6.0
Stealth        | 9 12 16 19 21 23 26 27 | 27.0
Dodging        | 2 3 |  3.1
Armour         | 1 |  1.9

Action                   |  1- 3 |  4- 6 |  7- 9 | 10-12 || total
-------------------------+-------+-------+-------+-------++-------
Melee: Dagger            |     2 |     4 |     1 |       ||     7
       Short sword       |       |       |    38 |    17 ||    55
       Bite              |       |       |     6 |     2 ||     8
 Abil: End Transformatio |       |       |       |     1 ||     1
       Bat Form          |       |       |       |     1 ||     1
  Use: Potion            |       |       |     1 |     3 ||     4
 Stab: Sleeping          |     2 |     4 |     6 |       ||    12
       Distracted        |       |       |     1 |       ||     1
Dodge: Dodged            |       |       |       |     5 ||     5
